 Dungeon Crawl Stone Soup version 0.23.2-40-g277498a001 (webtiles) character file.

Game seed: 4322619702926863908

2181 Felnil the Fighter (level 9, -4/95 HPs)
             Began as a Hill Orc Fighter on Aug 12, 2019.
             Was an Initiate of the Shining One.
             Killed from afar by Harold (17 damage)
             ... with a harpoon shot
             ... on level 7 of the Dungeon.
             The game lasted 00:15:55 (6088 turns).

Felnil the Fighter (Hill Orc Fighter)               Turns: 6088, Time: 00:15:56

Health: -4/95      AC:  6    Str: 22    XL:     9   Next: 33%
Magic:  9/9        EV:  7    Int:  8    God:    the Shining One [......]
Gold:   316        SH:  9    Dex: 10    Spells: 8/8 levels left

rFire    . . .     SeeInvis .   a - +0 war axe
rCold    . . .     Gourm    .   c - +0 shield
rNeg     . . .     Faith    .   b - +0 scale mail
rPois    +         Spirit   .   (no helmet)
rElec    .         Reflect  .   (no cloak)
rCorr    .         Harm     .   (no gloves)
MR       .....                  (no boots)
Stlth    ..........             i - amulet of rage
HPRegen  0.25/turn              l - ring of poison resistance
MPRegen  0.11/turn              o - ring of flight

@: glowing
A: no striking features
a: Renounce Religion, Convert to Beogh, Evoke Berserk Rage, Evoke Flight


You were on level 7 of the Dungeon.
You worshipped the Shining One.
The Shining One was noncommittal.
You were hungry.

You visited 2 branches of the dungeon, and saw 8 of its levels.

You collected 316 gold pieces.

Inventory:

Hand Weapons
 a - a +0 war axe (weapon)
Armour
 b - a +0 scale mail (worn)
 c - a +0 shield (worn)
Jewellery
 i - an amulet of rage (around neck)
 l - a ring of poison resistance (left hand)
 o - a ring of flight (right hand)
Scrolls
 g - 4 scrolls of remove curse
 h - 2 scrolls of noise {unknown}
 p - a scroll of enchant armour {unknown}
 r - 3 scrolls of enchant weapon {unknown}
 u - a scroll of teleportation
 v - a scroll of amnesia
 w - a scroll of immolation
 y - 3 scrolls of magic mapping {unknown}
Potions
 d - 4 potions of might
 j - a potion of curing
 k - a potion of brilliance
 m - 3 potions of agility
 n - a potion of magic
 q - 3 potions of lignification
 s - 2 potions of mutation
 t - 2 potions of ambrosia
 x - a potion of flight
 z - a potion of heal wounds
Comestibles
 f - 10 rations


   Skills:
 + Level 14.1 Fighting
 - Level 2.6 Axes
 - Level 3.2 Armour
 - Level 3.2 Shields


You had 8 spell levels left.
You didn't know any spells.
Your spell library was empty.

Dungeon Overview and Level Annotations

Branches:
Dungeon (7/15)             Temple (1/1) D:5

Altars:
Ashenzari
Cheibriados
Dithmenos
Elyvilon
Fedhas
Gozag
Hepliaklqana
Kikubaaqudgha
Nemelex Xobeh
Okawaru
Qazlal
Ru
Sif Muna
Trog
Wu Jian
Xom
Yredelemnul
Zin
The Shining One

Shops:
D:5 !

Annotations:
D:7 Harold


Message History

Harold gestures at you while chanting. The harpoon shot hits you!
You are yanked forward by the harpoon shot.
The orc priest shouts, "Surrender to Beogh and we'll let you live!"
Found a stone staircase leading down.
Harold casts a spell at you. The harpoon shot hits you!
* * * LOW HITPOINT WARNING * * *
You are yanked forward by the harpoon shot.
Found a papyrus book.
Harold looks eager to get this over with.
Harold casts a spell at you. The harpoon shot hits you!
* * * LOW HITPOINT WARNING * * *
You are yanked forward by the harpoon shot.
The orc wizard casts a spell.
The orc wizard blinks!
Harold casts a spell at you. The harpoon shot hits you!
You die...

#.o.# #... ###..##
##..... #>..g.#
...... #.##..#####
..... #.##....g.#
.....( .
#o.####.####......
# #.##
#.o#........
#.######o..#......
#..o..g.@.@...:...
#..#########.>....
....## .....
...##.# #... ...
#.# #. .. ... .
<## ..


You could see Harold, a gnoll sergeant, an orc priest, a gnoll and 2 orcs.

Vanquished Creatures
  2 phantoms
  A sky beast (D:6)
  5 ogres
  An ice beast (D:6)
  2 centaurs
  A bullfrog (D:6)
  2 scorpions
  2 howler monkeys (D:4)
  4 crimson imps (D:5)
  A centaur skeleton (D:5)
  2 orc priests
  A bullfrog zombie (D:6)
  4 hounds
  2 iguanas
  7 orc wizards
  4 worker ants
  A hound zombie (D:7)
  A hound skeleton (D:4)
  9 adders
  3 gnolls (D:3)
  4 shadow imps (D:5)
  2 adder skeletons
  A worm (D:5)
  2 dart slugs (D:1)
  6 leopard geckos
  15 orcs
  A ball python (D:3)
  6 bats
  7 giant cockroaches
  5 goblins
  6 hobgoblins
  6 jackals
  8 kobolds
  4 quokkas
  5 frilled lizards
  9 rats
142 creatures vanquished.

Notes
Turn   | Place    | Note
-------+----------+-------------------------------------------
     0 | D:1      | Felnil the Hill Orc Fighter began the quest for the Orb.
     0 | D:1      | Reached XP level 1. HP: 19/19 MP: 1/1
    40 | D:1      | Reached skill level 4 in Fighting
   230 | D:1      | Reached XP level 2. HP: 27/27 MP: 2/2
   507 | D:1      | Reached XP level 3. HP: 31/35 MP: 3/3
   509 | D:1      | Reached skill level 5 in Fighting
  1068 | D:2      | Reached XP level 4. HP: 44/44 MP: 4/4
  1088 | D:2      | Reached skill level 6 in Fighting
  1155 | D:2      | Found an ancient bone altar of Kikubaaqudgha.
  1337 | D:3      | Reached XP level 5. HP: 45/51 MP: 5/5
  1400 | D:3      | Found an iron altar of Okawaru.
  1580 | D:3      | Reached skill level 7 in Fighting
  2517 | D:4      | Reached XP level 6. HP: 54/61 MP: 6/6
  2526 | D:4      | Noticed a phantom
  2547 | D:4      | Reached skill level 8 in Fighting
  2562 | D:4      | Killed a phantom
  2626 | D:4      | Reached skill level 9 in Fighting
  2626 | D:4      | Reached XP level 7. HP: 69/70 MP: 7/7
  2896 | D:4      | Reached skill level 10 in Fighting
  3589 | D:5      | Entered Level 5 of the Dungeon
  3623 | D:5      | Reached skill level 11 in Fighting
  3623 | D:5      | Reached XP level 8. HP: 79/82 MP: 8/8
  3899 | D:5      | Found Echuge Temij's Distillery.
  3942 | D:5      | Reached skill level 12 in Fighting
  4104 | D:5      | Found a staircase to the Ecumenical Temple.
  4131 | Temple   | Entered the Ecumenical Temple
  4164 | Temple   | Became a worshipper of the Shining One
  4816 | D:5      | Found a deep blue altar of Sif Muna.
  4903 | D:6      | Reached skill level 13 in Fighting
  5069 | D:6      | Reached XP level 9. HP: 19/93 MP: 9/9
  5073 | D:6      | HP: 3/93 [orc priest/nerve-wracking pain (12)]
  5087 | D:6      | HP: 4/93 [bullfrog zombie (3)]
  5095 | D:6      | HP: 3/93 [crimson imp (3)]
  5647 | D:6      | Found a sacrificial altar of Ru.
  5650 | D:6      | Found an ornate altar of the Wu Jian Council.
  5653 | D:6      | Found a stormy altar of Qazlal.
  5656 | D:6      | Found a shadowy altar of Dithmenos.
  5701 | D:6      | Reached skill level 14 in Fighting
  5888 | D:6      | Found a white marble altar of Elyvilon.
  6050 | D:7      | Noticed Harold
  6088 | D:7      | Killed from afar by Harold

Skill      XL: |  1  2  3  4  5  6  7  8  9 |
---------------+----------------------------+-----
Fighting       | 4 5 6 7 9 11 13 14 | 14.1
Axes           | |  2.6
Armour         | |  3.2
Shields        | |  3.2

Action                   |  1- 3 |  4- 6 |  7- 9 || total
-------------------------+-------+-------+-------++-------
Melee: War axe           |    96 |   176 |   359 ||   631
Evoke: Wand              |       |       |     5 ||     5
  Use: Potion            |       |     2 |     1 ||     3
       Scroll            |       |     1 |    10 ||    11
  Eat: Chunk             |     1 |     5 |     8 ||    14
       Ration            |       |       |     1 ||     1
Armor: Scale mail        |    40 |    63 |   148 ||   251
Dodge: Dodged            |    33 |    57 |   105 ||   195
Block: Shield            |    53 |    94 |   172 ||   319
